 Dungeon Sprint DCSS version 0.31-a0-620-gd1cbd99268 (webtiles) character file.

Game seed: 11094483557713244864

4 zazu2006 the Prestidigitator (level 1, 0/14 HPs)
             Began as a Gnoll Wanderer on Aug 23, 2023.
             Constricted to death by a ball python (1 damage)
             ... in the Dungeon (Sprint IX: "|||||||||||||||||||||||||||||").
             The game lasted 00:00:16 (28 turns).

zazu2006 the Prestidigitator (Gnoll Wanderer)         Turns: 28, Time: 00:00:16

Health: 0/14       AC:  2    Str:  9    XL:     1   Next: 70%
Magic:  1/2        EV:  8    Int:  9    God:
Gold:   0          SH:  0    Dex: 15    Spells: 1/1 levels left

rFire   . . .        a - +2 dagger
rCold   . . .        (no shield)
rNeg    . . .        f - +0 robe
rPois   .            (no helmet)
rElec   .            (no cloak)
rCorr   .            (no gloves)
SInv    .            (no boots)
Will    .....        (no amulet)
Stlth   ++           (no ring)
HPRegen 0.22/turn    (no ring)
MPRegen 0.08/turn

%: no teleportation
@: constricted
A: fangs 1, strong nose, distributed training
a: no special abilities


You were in the Dungeon.
You visited 1 branch

Inventory:

Hand Weapons
 a - a +2 dagger (weapon)
 c - a +0 sling
Missiles
 b - a curare-tipped dart (quivered)
Armour
 f - a +0 robe (worn)
Wands
 d - a wand of polymorph (7)
Scrolls
 e - a scroll of fog
 l - a scroll of blinking
Potions
 g - a potion of curing
 h - a potion of heal wounds
 i - a potion of haste
 j - 2 potions of magic
 k - a potion of berserk rage


   Skills:
 + Level 0.9 Fighting
 + Level 0.9 Short Blades
 + Level 0.9 Long Blades
 + Level 0.9 Axes
 + Level 0.9 Maces & Flails
 + Level 0.9 Polearms
 + Level 0.9 Staves
 + Level 4.5 Ranged Weapons
 + Level 8.5 Throwing
 + Level 0.9 Armour
 + Level 0.9 Dodging
 + Level 0.9 Stealth
 + Level 0.9 Shields
 + Level 0.9 Unarmed Combat
 + Level 0.9 Spellcasting
 + Level 0.6 Conjurations
 + Level 0.6 Hexes
 + Level 0.6 Summonings
 + Level 0.6 Necromancy
 + Level 0.6 Translocations
 + Level 0.6 Transmutations
 + Level 0.6 Fire Magic
 + Level 0.6 Ice Magic
 + Level 0.6 Air Magic
 + Level 0.6 Earth Magic
 + Level 0.6 Poison Magic
 + Level 1.0 Invocations
 + Level 8.5 Evocations
 + Level 0.7 Shapeshifting


You had one spell level left.
You didn't know any spells.
Your spell library was empty.

Dungeon Overview and Level Annotations

Branches:
Dungeon (1/1)

Altars:


Innate Abilities, Weirdness & Mutations

You have very sharp teeth.
Your uncanny sense of smell can sniff out nearby items.
Your experience applies equally to all skills.


Message History

The hobgoblin is moderately wounded.
You hit the hobgoblin.
The hobgoblin is almost dead.
The hobgoblin hits you.
* * * LOW HITPOINT WARNING * * *
You hit the hobgoblin.
You kill the hobgoblin!
Your Invocations skill increases to level 1!
You hit the kobold.
The kobold is moderately wounded.
The kobold closely misses you.
You hit the kobold.
You kill the kobold!
You completely miss the ball python. The ball python barely misses you.
The ball python misses you.
You closely miss the ball python. Your bite misses the ball python.
The ball python closely misses you. The ball python barely misses you.
You closely miss the ball python. The ball python closely misses you.
The ball python grabs you. The ball python constricts you.
* * * LOW HITPOINT WARNING * * *
You hit the ball python.
The ball python is moderately wounded.
The ball python bites you.
* * * LOW HITPOINT WARNING * * *
The ball python constricts you.
* * * LOW HITPOINT WARNING * * *
You barely miss the ball python.
The ball python is moderately wounded.
The ball python closely misses you. The ball python constricts you.
The ball python bites you but does no damage.
The ball python constricts you.
You closely miss the ball python.
You bite the ball python, but do no damage.
The ball python is moderately wounded.
The ball python barely misses you. The ball python constricts you.
* * * LOW HITPOINT WARNING * * *
You hit the ball python.
The ball python is severely wounded.
The ball python closely misses you. The ball python constricts you.
You die...

▓▓▓▓▓▓▓▓▓▓▓▓
+....S@...<▓
▓▓▓▓▓▓▓▓▓▓▓▓
∆∆∆∆


You could see a ball python.

Vanquished Creatures
  A bat (D)
  A hobgoblin (D)
  A quokka (D)
  A kobold (D)
4 creatures vanquished.

Notes
Turn   | Place    | Note
-------+----------+-------------------------------------------
     0 | D        | zazu2006 the Gnoll Wanderer began the quest for the Orb.
     0 | D        | zazu2006 set off with the following items: a +2 dagger, a
                  | curare-tipped dart, a +0 sling, a wand of polymorph (7), a
                  | scroll of fog, a +0 robe, a potion of curing, a potion of
                  | heal wounds, a potion of haste, 2 potions of magic, a
                  | potion of berserk rage, a scroll of blinking.
     0 | D        | Reached XP level 1. HP: 13/13 MP: 1/1
    20 | D        | Reached skill level 1 in Invocations
    28 | D        | Constricted to death by a ball python

Illustrated notes

Levels and vault maps discovered:
D:        linesprint [early_d, line_temple, items_1, d_10, items_2, lair_1,
          lair_end, items_3, orc_1, orc_end, items_4, d_15, swamp_1, shoals_1,
          snake_1, spider_1, d_20, vaults_1, items_5, swamp_end, shoals_end,
          snake_end, spider_end, vaults_end, d_27, items_6, zot_1, zot_end,
          crypt_end, forest_end, elf_end, slime_end, tomb_end, abyss_end,
          pan_hell_end]

Skill      XL: |  1 |
---------------+----+-----
Invocations    | 1 |  1.0
Fighting       | |  0.9
Short Blades   | |  0.9
Long Blades    | |  0.9
Axes           | |  0.9
Maces & Flails | |  0.9
Polearms       | |  0.9
Staves         | |  0.9
Ranged Weapons | |  4.5
Throwing       | |  8.5
Armour         | |  0.9
Dodging        | |  0.9
Stealth        | |  0.9
Shields        | |  0.9
Unarmed Combat | |  0.9
Spellcasting   | |  0.9
Conjurations   | |  0.6
Hexes          | |  0.6
Summonings     | |  0.6
Necromancy     | |  0.6
Translocations | |  0.6
Transmutations | |  0.6
Fire Magic     | |  0.6
Ice Magic      | |  0.6
Air Magic      | |  0.6
Earth Magic    | |  0.6
Poison Magic   | |  0.6
Evocations     | |  8.5
Shapeshifting  | |  0.7

Action                     || total
---------------------------++-------
  Melee: Dagger            ||    24
         Bite              ||     2
 Armour: Robe              ||     2
  Dodge: Dodged            ||    18

Table legend: (Time is in decaauts)
 A = Elapsed time spent in this place.
 B = Non-inter-level travel time spent in this place.
 C = Inter-level travel time spent in this place.
 D = Time resting spent in this place.
 E = Time spent auto-exploring this place.
 F = Levels seen in this place.
 G = Mean time per level.
                   A        B        C        D        E       F      G
               +--------+--------+--------+--------+--------+-----+--------+
         Total |     27 |     27 |      0 |      0 |      3 |   1 |   27.0 |
       Dungeon |     27 |     27 |      0 |      0 |      3 |   1 |   27.0 |
               +--------+--------+--------+--------+--------+-----+--------+

Top non-repeatable levels by time:
       D: 27 daAuts
